AoeStats
← Nobody

Oasis

507206111Analyzed
2v2 RM · 16d ago on Sep 17, 2026· 34m 41s· 4 players
Game mode
Random Map
Map size
Medium (4 player)
Population
200
Speed
Normal
Resources
Standard
Victory
Conquest
Starting age
Dark Age
Ending age
Imperial Age
RankedLock teamsTeams togetherTeam positionsShared explorationLock speedFull tech treeHidden civsTurbo modeCheats
Victory
Defeat
🇨🇱 Muisca · Chile
1319
+10
🇲🇽 Persians · Mexico
1317
+10
🇧🇷 Cumans · Brazil
1183
-10
🇺🇸 Malians · United States
1174
-10
Thiers1789
5:50 Loom
8:55 Feudal Age
24:07 Castle Age
24:20 Forging
24:11 Scale Mail Armor
24:44 Bloodlines
24:27 Pikeman
31:07 Gold Mining
rafed123
6:46 Loom
9:09 Feudal Age
9:39 Double-Bit Axe
10:28 Man-at-Arms
11:35 Arson
24:50 Castle Age
25:24 Horse Collar
25:38 Gold Mining
Nobody
6:13 Loom
8:53 Feudal Age
9:32 Double-Bit Axe
10:17 Horse Collar
20:05 Castle Age
18:27 Scale Barding Armor
18:32 Bloodlines
19:23 Forging
20:04 Gold Mining
20:53 Chain Barding Armor
31:25 Iron Casting
Kevincho
6:01 Loom
8:36 Feudal Age
11:13 Double-Bit Axe
14:10 Fletching
15:56 Town Watch
21:24 Castle Age
20:33 Padded Archer Armor
20:14 Horse Collar
22:29 Forging
22:16 Bodkin Arrow
22:10 Crossbowman
25:04 Wheelbarrow
34:55 Imperial Age
33:12 Leather Archer Armor
33:08 Masonry
33:21 Bow Saw
33:08 Gold Mining
33:19 Heavy Plow
35:13 Ballistics
Connection lost

Rejoining the realm…

Still unreachable

The connection could not be restored.

Session expired

The server has moved on; the page needs a fresh start.